 Dungeon Crawl Stone Soup version 0.27-a0-1188-g73eefd5def (webtiles) character file.

Game seed: 18103087783095793453

10698 experimilk the Frost Mage (level 11, -8/60 HPs)
             Began as a Gargoyle Ice Elementalist on May 21, 2021.
             Was a Believer of Vehumet.
             Mangled by a death yak (17 damage)
             ... led by a torpor snail
             ... on level 2 of the Lair of Beasts on May 22, 2021.
             The game lasted 01:17:38 (25735 turns).

experimilk the Frost Mage (GrIE)                   Turns: 25735, Time: 01:17:39

Health: -8/60      AC: 14    Str: 13    XL:     11   Next: 66%
Magic:  19/33      EV: 12    Int: 18    God:    Vehumet [**....]
Gold:   2141       SH:  0    Dex: 10    Spells: 1/28 levels left

rFire    . . .     SeeInvis .   w - staff of cold
rCold    + . .     Faith    .   (no shield)
rNeg     + . .     Spirit   .   s - +2 robe {Will+}
rPois    ∞         Reflect  .   p - +0 helmet
rElec    +         Harm     .   (no cloak)
rCorr    .         Rampage  .   j - +0 pair of gloves
Will     +....                  (no boots)
Stlth    ++........             R - amulet of regeneration
HPRegen  1.20/turn              h - ring of magical power
MPRegen  0.23/turn              K - ring of wizardry

@: slowed, studying Necromancy, very slow
A: sickness immunity, AC +8, negative energy resistance 1, electricity
resistance, torment resistance 1, petrification resistance
a: Renounce Religion


You were on level 2 of the Lair of Beasts.
You worshipped Vehumet.
Vehumet was pleased with you.
You visited 2 branches of the dungeon, and saw 11 of its levels.

You collected 2141 gold pieces.

Inventory:

Hand Weapons
 i - a +1 flail of holy wrath
 r - a +0 vorpal trident
 A - a +1 vorpal mace
 E - a +0 whip of freezing
Missiles
 d - 374 stones (quivered)
 x - a throwing net
Armour
 b - a +0 leather armour
 j - a +0 pair of gloves (worn)
 p - a +0 helmet (worn)
 s - a +2 robe of willpower (worn)
Magical Staves
 w - a staff of cold (weapon)
Jewellery
 e - an amulet of guardian spirit
 h - a ring of magical power (left hand)
 k - a +4 ring of protection
 t - a ring of ice
 I - a +6 ring of intelligence
 K - a ring of wizardry (right hand)
 N - a +6 ring of dexterity
 Q - a +6 ring of dexterity
 R - an amulet of regeneration (around neck)
Wands
 y - a wand of paralysis (2)
 B - a wand of digging (4)
 C - a wand of acid (24)
 O - a wand of iceblast (11)
Scrolls
 c - a scroll of enchant weapon {unknown}
 f - a scroll of silence {unknown}
 g - 2 scrolls of torment
 q - 5 scrolls of teleportation
 D - a scroll of brand weapon
 F - 3 scrolls of blinking
 G - 2 scrolls of magic mapping
 H - 3 scrolls of immolation
 J - a scroll of fear {unknown}
 L - 3 scrolls of amnesia
Potions
 a - 5 potions of curing
 l - 4 potions of mutation
 m - 3 potions of might
 n - 2 potions of heal wounds
 o - 2 potions of haste
 u - a potion of lignification
 v - a potion of cancellation {unknown}
 z - a potion of ambrosia {unknown}
 M - a potion of flight {unknown}
 P - a potion of invisibility {unknown}
 S - a potion of brilliance {unknown}


   Skills:
 + Level 3.4 Fighting
 - Level 3.0 Dodging
 - Level 3.0 Stealth
 - Level 9.0 Spellcasting
 - Level 6.0 Conjurations
 - Level 6.0 Summonings
 * Level 12.1 Ice Magic
 + Level 1.0 Air Magic


You had one spell level left.
You knew the following spells:

 Your Spells              Type           Power      Damage    Failure   Level
a - Freeze                Ice            100%       1d11      1%          1
b - Frozen Ramparts       Ice            100%       1d12      1%          3
c - Hailstorm             Conj/Ice       57%        3d12      1%          4
d - Metabolic Englaciati  Hex/Ice        22%        N/A       9%          5
e - Summon Ice Beast      Ice/Summ       57%        N/A       1%          4
f - Ozocubu's Armour      Ice            67%        N/A       1%          3
g - Summon Guardian Gole  Hex/Summ       18%        N/A       3%          3
h - Summon Lightning Spi  Summ/Air       20%        N/A       9%          4

Your spell library contained the following spells:

 Spells                   Type           Power      Damage    Failure   Level
 Dazzling Flash           Conj/Hex       36%        N/A       3%          3
 Magic Dart               Conj           100%       1d8       1%          1
 Shock                    Conj/Air       80%        1d8       1%          1
 Summon Small Mammal      Summ           100%       N/A       1%          1
 Corona                   Hex            8%         N/A       3%          1
 Call Imp                 Summ           29%        N/A       1%          2
 Call Canine Familiar     Summ           29%        N/A       1%          3
 Conjure Flame            Conj/Fire      18%        6-21      3%          3
 Mephitic Cloud           Conj/Pois/Air  16%        N/A       4%          3
 Blink                    Tloc           N/A        N/A       5%          2
 Slow                     Hex            8%         N/A       5%          2
 Inner Flame              Hex/Fire       8%         N/A       11%         3
 Portal Projectile        Hex/Tloc       16%        N/A       11%         3
 Cause Fear               Hex            4%         N/A       32%         4
 Leda's Liquefaction      Hex/Erth       4%         N/A       32%         4


Dungeon Overview and Level Annotations

Branches:
Dungeon (9/15)             Temple (0/1) D:6            Lair (2/6) D:8
    Orc (0/2) D:9
  Swamp: Lair:2-4    Shoals: Lair:2-4     Snake: Lair:2-4    Spider: Lair:2-4

Altars:
Ashenzari
Dithmenos
Elyvilon
Gozag
Kikubaaqudgha
Makhleb
Okawaru
Qazlal
Ru
Uskayaw
Vehumet
Wu Jian
Yredelemnul
Lugonu

Portals:
Abyss: D:7

Annotations:
D:7 2 runed translucent doors
D:8 Psyche


Innate Abilities, Weirdness & Mutations

You are immune to sickness and miasma.
Your stone body is resilient. (AC +8)
You are immune to poison.
You resist negative energy. (rN+)
You are resistant to electric shocks. (rElec)
You are resistant to unholy torment.
You are immune to petrification.


Message History

You swap places.
You see here a cane toad corpse.
Your ice beast disappears in a puff of smoke!
You now have 2105 gold pieces (gained 16).
You swap places.
You now have 2119 gold pieces (gained 14).
Your ice beast disappears in a puff of smoke!
You now have 2141 gold pieces (gained 22).
You start resting.
Your guardian golem disappears in a puff of smoke!
Your ice beast disappears in a puff of smoke!
Magic restored.
Found a ring mail.
A death yak and a torpor snail come into view.
The death yak bellows!
A komodo dragon comes into view.
Being near the torpor snail leaves you feeling lethargic.
Casting: Summon Ice Beast (dangerous; 1% risk of failure)
Confirm with . or Enter, or press ? or * to list all spells.
A guardian golem appears, shielding your allies.
Casting: Summon Guardian Golem (dangerous; 3% risk of failure)
Confirm with . or Enter, or press ? or * to list all spells.
You feel a surge of power! A chill wind blows around you.
The death yak closely misses you.
Casting: Summon Ice Beast (dangerous; 1% risk of failure)
Confirm with . or Enter, or press ? or * to list all spells.
You feel a surge of power! A chill wind blows around you.
The komodo dragon bites you!! The death yak gores you.
The torpor snail bites you!!
* * * LOW HITPOINT WARNING * * *
Casting: Summon Ice Beast (dangerous; 1% risk of failure)
Confirm with . or Enter, or press ? or * to list all spells.
You feel a surge of power! A chill wind blows around you.
The komodo dragon bites you.
* * * LOW HITPOINT WARNING * * *
The death yak barely misses you.
Your ice beast hits the komodo dragon but does no damage.
The komodo dragon completely misses you.
The death yak gores you!
You die...

.≈............ .............
............ ...........
.......... #### ......YY.
##..# ......lY###### #...#
......w@##...# ##..#
......Y8....####...#
.............P##...# ##P#.
...................# ......
...................# .......
...#...............#
............#.[.............#
............................#
.........................^..#


You could see a death yak, a torpor snail (ally target), a komodo dragon (ally
target), a friendly guardian golem (summoned, slow) and 3 friendly ice beasts.

Vanquished Creatures
  A hydra (Lair:1)
  Pikel (D:8)
  Maggie (D:8)
  A cane toad (Lair:1)
  A rime drake (Lair:1)
  A komodo dragon (Lair:1)
  2 wyverns (D:8)
  12 yaks
  2 basilisks (D:8)
  A steam dragon (D:8)
  Grum (D:8)
  Edmund (D:6)
  5 water moccasins
  A swamp drake (D:9)
  4 orc warriors
  A black bear (D:5)
  An ice beast (D:6)
  An ogre (D:6)
  6 wolves
  3 centaurs
  Blork the orc (D:5)
  A kobold brigand (D:8)
  4 bullfrogs
  4 scorpions
  A gnoll sergeant (D:9)
  2 bullfrog zombies
  A gnoll shaman (D:6)
  2 hounds
  7 jellies
  4 centaur skeletons
  3 orc priests
  A bullfrog skeleton (D:6)
  2 iguanas (D:6)
  A scorpion zombie (D:5)
  5 orc wizards
  16 gnolls
  5 adders
  An ufetubus (D:4)
  An adder skeleton (D:4)
  2 worms
  4 dart slugs
  25 orcs
  4 bats
  20 endoplasms
  2 giant cockroaches
  3 goblins
  3 hobgoblins
  12 jackals
  8 kobolds
  3 quokkas
  8 ball pythons
  2 frilled lizards
  A rat (D:3)
206 creatures vanquished.

Vanquished Creatures (collateral kills)
  A hydra (Lair:1)
  A two-headed ogre (D:9)
  A cane toad (Lair:2)
  A rime drake (Lair:2)
  A slime creature (Lair:1)
  2 basilisks
  4 water moccasins
  A hornet zombie (D:6)
  A necrophage (D:5)
  A bullfrog (Lair:1)
  A wight (D:8)
  3 centaur zombies (D:9)
  2 jellies (Lair:1)
  An orc priest (D:9)
  A gnoll shaman (D:7)
  A gnoll (D:7)
  5 orcs
  2 endoplasms (Lair:1)
30 creatures vanquished.

Vanquished Creatures (others)
  A shadow (D:9)
  5 wights (D:8)
  A bush (D:8)
  18 fungi
  32 plants
57 creatures vanquished.

Grand Total: 293 creatures vanquished

Notes
Turn   | Place    | Note
-------+----------+-------------------------------------------
     0 | D:1      | experimilk the Gargoyle Ice Elementalist began the quest
                  | for the Orb.
     0 | D:1      | Reached XP level 1. HP: 10/10 MP: 3/3
   337 | D:1      | Reached XP level 2. HP: 10/15 MP: 0/5
   941 | D:1      | Reached XP level 3. HP: 19/19 MP: 0/6
  1301 | D:1      | Learned a level 3 spell: Frozen Ramparts
  2580 | D:2      | Reached XP level 4. HP: 21/24 MP: 7/7
  2909 | D:2      | Reached skill level 5 in Ice Magic
  2960 | D:2      | Learned a level 4 spell: Hailstorm
  3107 | D:2      | Identified a scroll of acquirement
  3108 | D:2      | Acquired 1075 gold pieces
  3474 | D:2      | Found a faded altar of an unknown god.
  3836 | D:3      | Reached XP level 5. HP: 28/28 MP: 9/9
  4390 | D:2      | Learned a level 1 spell: Magic Dart
  5728 | D:4      | Found a radiant altar of Vehumet.
  5734 | D:4      | Became a worshipper of Vehumet
  5994 | D:4      | Reached skill level 6 in Ice Magic
  7081 | D:4      | Reached skill level 1 in Conjurations
  7081 | D:4      | Reached XP level 6. HP: 25/32 MP: 10/10
  7547 | D:5      | Entered Level 5 of the Dungeon
  8246 | D:5      | Noticed a black bear
  8502 | D:5      | Noticed a necrophage
  8691 | D:5      | Found an ornate altar of the Wu Jian Council.
  8692 | D:5      | Noticed Blork the orc
  8701 | D:5      | Killed Blork the orc
  8702 | D:5      | Reached XP level 7. HP: 36/36 MP: 9/12
  9221 | D:5      | Learned a level 4 spell: Summon Ice Beast
  9336 | D:5      | Noticed a yak
  9336 | D:5      | Noticed a yak
  9336 | D:5      | Noticed a yak
  9336 | D:5      | Noticed a yak
  9529 | D:5      | Killed a yak
  9530 | D:5      | Reached skill level 1 in Summonings
  9530 | D:5      | Reached skill level 7 in Ice Magic
  9561 | D:5      | Killed a yak
  9562 | D:5      | Reached XP level 8. HP: 22/41 MP: 13/15
  9712 | D:5      | Learned a level 3 spell: Ozocubu's Armour
  9942 | D:5      | Killed a yak
  9998 | D:5      | Reached skill level 5 in Spellcasting
  9998 | D:5      | Reached skill level 8 in Ice Magic
 10065 | D:5      | Killed a yak
 10718 | D:6      | Found a staircase to the Ecumenical Temple.
 10989 | D:6      | Noticed Edmund
 10997 | D:6      | Killed Edmund
 11203 | D:6      | Reached skill level 9 in Ice Magic
 11264 | D:6      | Found an iron altar of Okawaru.
 11310 | D:6      | Reached XP level 9. HP: 31/45 MP: 15/17
 11507 | D:6      | Learned a level 3 spell: Summon Guardian Golem
 11546 | D:6      | Found a white marble altar of Elyvilon.
 11546 | D:6      | Found a shadowy altar of Dithmenos.
 11547 | D:6      | Found a broken altar of Ashenzari.
 11929 | D:6      | Found a stormy altar of Qazlal.
 12924 | D:7      | Found a sacrificial altar of Ru.
 14163 | D:7      | Found a large runed translucent door.
 14167 | D:7      | Found a large runed translucent door.
 14168 | D:7      | Found a corrupted altar of Lugonu.
 14334 | D:7      | Found a one-way gate to the infinite horrors of the Abyss.
 14682 | D:8      | Found a basalt altar of Yredelemnul.
 15072 | D:8      | Noticed Maggie
 15082 | D:8      | Killed Maggie
 15083 | D:8      | Reached skill level 5 in Summonings
 15518 | D:8      | Noticed Grum
 15735 | D:7      | Reached * piety under Vehumet
 15735 | D:7      | Offered knowledge of Shock by Vehumet.
 15926 | D:8      | Reached skill level 5 in Conjurations
 15928 | D:8      | Killed Grum
 15929 | D:8      | Reached XP level 10. HP: 50/50 MP: 12/20
 16596 | D:8      | Found a staircase to the Lair.
 16603 | D:8      | Noticed Pikel
 16612 | D:8      | Killed Pikel
 16614 | D:8      | Reached skill level 1 in Fighting
 17308 | D:8      | Noticed Psyche
 17806 | D:8      | Learned a level 4 spell: Summon Lightning Spire
 17808 | D:8      | Learned a level 1 spell: Shock
 17961 | D:8      | Found an ancient bone altar of Kikubaaqudgha.
 18266 | D:9      | Found a hide-covered altar of Uskayaw.
 18289 | D:9      | Noticed a two-headed ogre
 18318 | D:9      | Found an opulent altar of Gozag.
 18319 | D:9      | Killed a two-headed ogre
 19435 | D:9      | Reached ** piety under Vehumet
 19455 | D:9      | Reached XP level 11. HP: 60/60 MP: 22/24
 19465 | D:9      | Offered knowledge of Searing Ray by Vehumet.
 19608 | D:9      | Reached skill level 10 in Ice Magic
 19673 | D:9      | Found a staircase to the Orcish Mines.
 20706 | D:9      | Learned a level 5 spell: Metabolic Englaciation
 21011 | D:9      | Found a burning altar of Makhleb.
 21258 | Lair:1   | Entered Level 1 of the Lair of Beasts
 21270 | Lair:1   | Noticed a six-headed hydra
 21281 | Lair:1   | Killed a six-headed hydra
 21772 | Lair:1   | Offered knowledge of Dazzling Flash by Vehumet.
 22591 | Lair:1   | Noticed a four-headed hydra
 22685 | Lair:1   | Killed a four-headed hydra
 22686 | Lair:1   | Reached skill level 11 in Ice Magic
 24301 | Lair:2   | Reached *** piety under Vehumet
 24302 | Lair:2   | Reached skill level 12 in Ice Magic
 25651 | Lair:2   | Reached skill level 1 in Air Magic
 25730 | Lair:2   | Noticed a death yak
 25735 | Lair:2   | Mangled by a death yak

Illustrated notes

Levels and vault maps discovered:
D:1:      lordsloth_arrival_two_stooges, layout_rooms
D:2:      layout_rooms, shapermc_ecumenical_altar_starsandcircs,
          grunt_decor_resistance, supply_closet_lemuel
D:3:      layout_basic, kennysheep_generic_room_11
D:4:      layout_loops_ring, nicolae_vehumet_altar_sigil,
          minmay_fractal_squares_5
D:5:      layout_loops_ring, nzn_wu_jian_contemplation, minmay_misc_feat_alley,
          minmay_manual_moon, uniq_blork_the_orc
D:6:      layout_basic, gammafunk_temple_overflow_claw,
          lemuel_coloured_pillars_altar, grunt_qazlal_clouds,
          minmay_temple_entry_mini_moons, serial_glass, glass_columns_b,
          glass_columns_c, glass_columns_a, glass_columns_b,
          minmay_misc_feat_columns, minmay_misc_feat_doors,
          chequers_decorated_corner, uniq_edmund
D:7:      due_chaos_kobolds, layout_loops_ring, lemuel_crystal_altar
D:8:      layout_loops_ring, lemuel_tele_altar, nicolae_overflow_crystal_walls,
          minmay_lair_entry_grove, uniq_pikel, uniq_maggie, uniq_psyche,
          uniq_grum
D:9:      layout_stronghold, amcnicky_altar_gilded, kennysheep_little_box,
          grunt_gozag_statues, erik_orc_1
Lair:1:   lemuel_slime, layout_regular_city
Lair:2:   layout_hall_layers, spider_nest_entry_funnel_web, serial_rivers,
          chequers_serial_rivers_micro_d, chequers_serial_rivers_micro_b,
          chequers_serial_rivers_micro_e, chequers_serial_rivers_large_b,
          chequers_serial_rivers_micro_c, chequers_serial_rivers_room_b,
          lemuel_fruit_tree, lemuel_fruit_fields

Skill      XL: |  1  2  3  4  5  6  7  8  9 10 11 |
---------------+----------------------------------+-----
Stealth        | 3 |  3.0
Ice Magic      | 5 6 7 9 12 | 12.1
Spellcasting   | 3 4 5 7 9 |  9.0
Conjurations   | 1 3 5 6 |  6.0
Summonings     | 1 3 6 |  6.0
Fighting       | 3 |  3.4
Dodging        | 2 3 |  3.0
Air Magic      | 1 |  1.0

Action                   |  1- 3 |  4- 6 |  7- 9 | 10-12 || total
-------------------------+-------+-------+-------+-------++-------
Melee: Unarmed           |     1 |       |       |       ||     1
       Spear             |       |    86 |     1 |       ||    87
       Trident           |       |       |    16 |       ||    16
       Flail             |       |       |    18 |       ||    18
       Staff             |       |       |     2 |    28 ||    30
Throw: Stone             |    41 |    38 |     4 |       ||    83
 Cast: Freeze            |    56 |    75 |    49 |    50 ||   230
       Frozen Ramparts   |       |    11 |    22 |    20 ||    53
       Magic Dart        |       |    31 |     8 |     1 ||    40
       Hailstorm         |       |     3 |    14 |    60 ||    77
       Summon Ice Beast  |       |       |    19 |    58 ||    77
       Ozocubu's Armour  |       |       |    17 |    17 ||    34
       Summon Guardian G |       |       |     2 |    19 ||    21
       Shock             |       |       |       |     1 ||     1
       Metabolic Englaci |       |       |       |     1 ||     1
Evoke: Wand              |       |       |       |     4 ||     4
  Use: Scroll            |     1 |    10 |     2 |     6 ||    19
       Potion            |       |     1 |       |       ||     1
 Stab: Sleeping          |       |     2 |     2 |       ||     4
       Distracted        |       |       |       |     1 ||     1
Armor: Robe              |    17 |   143 |    53 |    52 ||   265
Dodge: Dodged            |    37 |   163 |    66 |    90 ||   356

Table legend: (Time is in decaauts)
 A = Elapsed time spent in this place.
 B = Non-inter-level travel time spent in this place.
 C = Inter-level travel time spent in this place.
 D = Time resting spent in this place.
 E = Time spent auto-exploring this place.
 F = Levels seen in this place.
 G = Mean time per level.
                   A        B        C        D        E       F      G
               +--------+--------+--------+--------+--------+-----+--------+
         Total |  25787 |  25072 |    715 |  15121 |   3827 |  11 | 2344.3 |
       Dungeon |  21298 |  20592 |    706 |  11925 |   3560 |   9 | 2366.4 |
          Lair |   4489 |   4481 |      8 |   3196 |    267 |   2 | 2244.5 |
               +--------+--------+--------+--------+--------+-----+--------+

Top non-repeatable levels by time:
     D:8: 3321 daAuts
     D:5: 3254 daAuts
  Lair:1: 2991 daAuts
     D:9: 2958 daAuts
     D:1: 2220 daAuts
     D:3: 2214 daAuts
     D:7: 2156 daAuts
     D:6: 1916 daAuts
     D:2: 1754 daAuts
     D:4: 1501 daAuts
  Lair:2: 1498 daAuts
